Map: Eternal Empire LE

Players

Varaxious

  • Race: Terran Terran
  • League: Diamond
  • Spawn Location: 1:00

MaulerX - Winner!

  • Race: Protoss Protoss
  • League: Diamond
  • Spawn Location: 7:00

VOD

Have the link to the VOD?

Description

Time

  • Played on: Feb. 2, 2020, 8:04 a.m.
  • Length: 18:20
Show
View Real Time Build Order
Export as new Build Order

Varaxious Terran 

Build Orders: Banshee Rush 

Get SALT Encoding   

  12  0:02  SCV  
  13  0:14  SCV  
  14  0:22  Supply Depot  
  14  0:26  SCV  
  15  0:44  SCV  
  16  0:56  SCV  
  17  0:57  Barracks  
  17  0:58  Refinery  
  17  1:08  SCV  
  18  1:13  Refinery  
  18  1:20  SCV, Supply Depot  
  19  1:32  SCV  
  20  1:45  Orbital Command  
  20  1:46  Marine  
  21  2:01  Factory  
  21  2:04  Marine  
  22  2:09  Supply Depot  
  22  2:10  SCV  
  23  2:22  Marine  
  24  2:25  SCV  
  25  2:37  SCV  
  25  2:39  Marine  
  27  2:45  Starport  
  27  2:46  Factory Tech Lab  
  27  2:49  SCV  
  28  2:57  Marine  
  29  3:01  SCV  
  30  3:06  Supply Depot  
  30  3:13  SCV  
  30  3:14  Factory Tech Lab  
  30  3:15  Marine  
  32  3:26  SCV  
  33  3:29  Cloaking Field, Banshee  
  33  3:33  Siege Tank, Marine  
  40  3:38  SCV  
  41  3:51  Marine  
  42  4:07  Command Center  
  42  4:08  Marine  
  43  4:17  Banshee  
  46  4:26  Marine  
  46  4:29  Supply Depot  
  46  4:30  Engineering Bay  
  47  4:37  Supply Depot  
  47  4:50  Marine  
  47  4:51  Siege Tank  
  41  5:08  Marine  
  42  5:23  Siege Tank  
  42  5:26  Marine  
  47  5:28  Orbital Command  
  43  5:30  SCV  
  43  5:33  Refinery  
  43  5:34  Raven  
  46  5:42  Barracks, SCV  
  47  5:45  Supply Depot  
  47  5:55  Siege Tank  
  47  5:56  SCV x2  
  52  6:14  SCV  
  52  6:15  SCV  
  54  6:20  Marine  
  55  6:26  SCV  
  55  6:27  SCV  
  55  6:31  Armory  
  57  6:32  Barracks  
  57  6:36  Starport Reactor  
  57  6:37  Refinery  
  57  6:39  SCV x2  
  59  6:46  Marauder, Marine  
  62  6:47  Stimpack  
  62  6:51  SCV x2  
  64  7:00  Barracks  
  64  7:03  Marine, SCV x2, Siege Tank  
  64  7:06  Marine  
  71  7:10  Terran Infantry Weapons Level 1  
  71  7:15  SCV x2  
  73  7:19  Medivac  
  73  7:20  Viking  
  73  7:21  Marine  
  73  7:22  Marine  
  79  7:27  SCV  
  79  7:28  Marine  
  82  7:37  SCV  
  82  7:39  SCV, Marine  
  84  7:47  Siege Tank, Supply Depot x2  
  84  7:51  Supply Depot  
  87  7:53  Engineering Bay, Command Center  
  87  7:54  Supply Depot  
  87  7:55  SCV x2, Refinery  
  87  7:57  Marauder  
  91  7:59  Barracks Tech Lab, Refinery  
  91  8:00  Marine  
  91  8:01  Marine  
  93  8:07  SCV  
  93  8:08  SCV  
  93  8:12  Terran Vehicle Weapons Level 1  
  95  8:17  Medivac  
  95  8:18  Marine, Marauder, Viking  
  95  8:47  Viking  
  97  8:48  Marine x2, Viking  
  101  8:58  Marine  
  101  8:59  Marauder, Siege Tank  
  107  9:06  Marine x2  
  109  9:16  Marine  
  110  9:25  Marauder, Marine x2  
  110  9:27  Planetary Fortress  
  110  9:28  Viking x2  
  110  9:30  SCV x2  
  120  9:34  Marine  
  121  9:42  SCV x2, Marine  
  121  9:43  Marine  
  125  9:54  SCV  
  125  9:56  Marine  
  125  9:57  Marauder  
  125  9:58  Viking x2  
  125  9:59  Siege Tank  
  136  10:00  Marine x2  
  138  10:14  Marine  
  138  10:18  Marine x2  
  141  10:31  Siege Tank  
  141  10:34  Marauder, Marine  
  140  10:41  Medivac  
  140  10:42  Medivac  
  73  11:26  Marauder, Marine x3  
  73  11:27  Siege Tank  
  73  11:28  Viking  
  73  11:29  Viking  
  82  11:39  Barracks x3  
  82  11:41  Barracks  
  82  11:43  Terran Infantry Weapons Level 2, Marine x2  
  82  11:44  Terran Infantry Armor Level 1, Supply Depot, Marine  
  82  11:47  Marine, Terran Ship Weapons Level 1  
  85  11:50  SCV  
  87  11:56  SCV x2  
  87  11:59  Siege Tank  
  92  12:02  SCV  
  92  12:10  Command Center  
  92  12:13  Command Center  
  92  12:18  Marauder, Marine x3  
  93  12:31  Siege Tank  
  93  12:36  Marine x2  
  98  12:37  Marauder  
  98  12:39  Marine  
  85  12:54  Marine x2  
  85  12:57  Marine  
  85  12:58  Marauder  
  78  13:04  Marine x3  
  78  13:05  Marine  
  82  13:10  SCV x2  
  82  13:11  Marine  
  82  13:12  Marine  
  86  13:15  Marine  
  86  13:16  Medivac x2  
  86  13:18  Marine  
  92  13:22  SCV, Marine x4  
  97  13:29  Marine x2  
  97  13:33  Marine  
  100  13:36  Marine  
  100  13:38  Siege Tank  
  100  13:40  Marine x4  
  108  13:46  Medivac x2  
  108  13:47  Marine x2  
  114  13:51  Marine  
  114  13:54  Planetary Fortress  
  115  14:01  Marine  
  115  14:02  Marine x2  
  118  14:07  Planetary Fortress  
  115  14:24  Marine x6  
  115  14:25  Marine x2  
  123  14:41  Marine  
  123  14:42  Marine x5  
  123  14:43  Marauder, Marine  
  132  14:56  Refinery  
  132  14:58  Refinery  
  132  14:59  Marine  
  133  15:11  SCV x2  
  133  15:12  Marine x2  
  133  15:13  Marauder x2  
  133  15:14  Barracks Tech Lab x2  
  141  15:23  SCV  
  142  15:35  Marauder  
  117  15:57  Marauder x2, Marine x4  
  117  15:58  Marine x2  
  127  16:15  Marine x6  
  127  16:18  Marine x2  
  135  16:33  Marine x2  
  137  16:45  Orbital Command  
  137  16:52  Marauder x3, Marine x3  
  137  16:53  Marine x2  
  116  17:10  Marine x3  
  116  17:11  Marauder, Siege Tank, Marine  
  116  17:13  Marine  
  80  17:33  Marine  
  80  17:34  Marauder, Marine x6  
  80  17:36  Medivac, Viking  
  93  17:43  Siege Tank  
  96  17:51  Marine x2  
  96  17:52  Marine  
  96  17:56  Starport  
  98  17:58  Starport  
Show
View Real Time Build Order
Export as new Build Order

MaulerX Protoss - Winner!

Build Orders: 1 Gate Expand, Colossus Rush 

Get SALT Encoding   

  12  0:01  Probe (Chrono Boost)  
  13  0:13  Probe (Chrono Boost)  
  14  0:18  Pylon  
  14  0:20  Probe (Chrono Boost)  
  15  0:36  Probe  
  15  0:38  Gateway  
  16  0:48  Probe  
  17  0:50  Assimilator  
  17  1:00  Probe  
  18  1:12  Probe  
  19  1:25  Cybernetics Core  
  19  1:28  Probe (Chrono Boost)  
  20  1:39  Probe (Chrono Boost)  
  21  1:44  Nexus  
  21  1:51  Pylon  
  21  1:57  Probe  
  22  2:05  Warp Gate  
  22  2:09  Stalker (Chrono Boost)  
  22  2:12  Assimilator  
  22  2:14  Probe  
  25  2:26  Probe  
  26  2:37  Adept (Chrono Boost)  
  26  2:38  Probe  
  26  2:43  Robotics Facility  
  29  2:50  Probe  
  30  3:00  Shield Battery, Probe  
  30  3:02  Probe  
  33  3:13  Probe (Chrono Boost)  
  33  3:14  Probe (Chrono Boost)  
  33  3:15  Gateway  
  33  3:16  Gateway  
  34  3:20  Pylon  
  34  3:25  Probe (Chrono Boost)  
  34  3:26  Probe (Chrono Boost)  
  36  3:30  Observer  
  37  3:39  Probe, Robotics Bay  
  37  3:40  Probe  
  39  3:51  Probe  
  40  3:57  Observer  
  40  3:58  Probe  
  40  4:00  Assimilator  
  42  4:03  Assimilator  
  42  4:05  Pylon  
  42  4:06  Probe  
  43  4:10  Probe  
  43  4:13  Stalker x3  
  50  4:20  Pylon  
  50  4:21  Probe  
  51  4:30  Observer  
  52  4:33  Probe  
  52  4:37  Extended Thermal Lance  
  53  4:38  Zealot  
  53  4:39  Zealot x2  
  53  4:42  Probe  
  60  4:45  Probe  
  61  4:55  Probe  
  54  5:00  Colossus (Chrono Boost)  
  54  5:05  Probe  
  54  5:06  Stalker  
  55  5:43  Probe x2  
  55  5:45  Forge  
  55  5:48  Forge  
  57  5:51  Pylon  
  57  5:54  Stalker x2  
  61  6:00  Probe (Chrono Boost)  
  61  6:01  Probe (Chrono Boost)  
  63  6:05  Observer  
  63  6:10  Probe (Chrono Boost)  
  63  6:11  Probe (Chrono Boost)  
  66  6:15  Probe (Chrono Boost)  
  67  6:20  Pylon, Probe  
  68  6:27  Probe  
  68  6:28  Photon Cannon  
  69  6:40  Photon Cannon  
  69  6:44  Photon Cannon, Colossus (Chrono Boost)  
  69  6:47  Protoss Ground Weapons Level 1 (Chrono Boost)  
  69  6:50  Protoss Ground Armor Level 1 (Chrono Boost), Probe  
  76  7:00  Probe  
  76  7:01  Observer  
  77  7:02  Probe  
  78  7:12  Probe  
  79  7:24  Nexus  
  79  7:42  Stargate  
  79  7:44  Pylon  
  79  7:48  Stargate  
  79  7:49  Observer  
  79  7:51  Pylon  
  80  7:53  Probe  
  80  7:54  Probe  
  82  8:06  Probe x2  
  82  8:10  Warp Prism (Chrono Boost)  
  84  8:18  Probe x2  
  88  8:23  Pylon  
  88  8:26  Pylon  
  87  8:30  Stalker x3  
  87  8:32  Protoss Air Weapons Level 1  
  87  8:50  Gateway  
  87  8:51  Gateway  
  87  8:54  Gateway  
  87  8:56  Gateway  
  87  8:58  Gateway x2  
  87  9:01  Zealot x3  
  93  9:04  Gateway  
  93  9:06  Pylon  
  93  9:39  Twilight Council, Void Ray x2  
  93  9:41  Pylon  
  93  9:42  Probe x2  
  93  9:43  Probe  
  104  9:46  Assimilator  
  104  9:49  Assimilator  
  104  9:52  Zealot x6  
  114  9:53  Zealot  
  114  9:56  Protoss Shields Level 1  
  118  10:04  Probe x2  
  120  10:07  Colossus  
  120  10:13  Zealot x2  
  130  10:16  Sentry x3  
  136  10:21  Probe x2  
  136  10:22  Probe  
  139  10:33  Probe  
  136  10:41  Zealot x2  
  136  10:42  Zealot x4  
  131  10:51  Charge (Chrono Boost)  
  110  11:11  Void Ray  
  108  11:16  Stalker x3  
  100  11:27  Probe x2  
  100  11:33  Probe  
  100  11:39  Probe x2  
  103  11:42  Pylon  
  103  11:48  Photon Cannon  
  103  11:50  Photon Cannon  
  103  11:52  Templar Archives  
  103  11:53  Photon Cannon  
  103  11:54  Void Ray  
  103  11:58  Pylon  
  107  12:04  Zealot x3  
  113  12:25  Probe x2  
  115  12:38  Nexus  
  115  12:40  Pylon  
  115  12:43  Unknown  
  107  12:47  Pylon  
  91  12:51  Zealot x2  
  91  12:52  Zealot x6  
  103  13:05  Colossus  
  103  13:10  High Templar  
  103  13:11  High Templar  
  113  13:13  High Templar x3  
  113  13:14  High Templar x2  
  113  13:17  Archon x2  
  113  13:18  Archon  
  123  13:48  Void Ray x2  
  123  13:50  High Templar x3  
  123  13:51  High Templar x4  
  123  13:54  Archon x2  
  123  13:55  Archon  
  145  13:56  Archon  
  145  13:59  Colossus  
  135  14:29  Probe  
  135  14:30  Probe x2  
  138  14:35  Protoss Ground Weapons Level 2 (Chrono Boost)  
  138  14:36  Protoss Ground Armor Level 2 (Chrono Boost)  
  138  14:46  Fleet Beacon  
  138  14:48  Zealot x3  
  138  14:49  Zealot x6  
  156  14:56  Protoss Air Armor Level 1, Probe x4  
  170  15:19  Probe  
  165  16:04  Pylon  
  165  16:07  Pylon  
  165  16:08  Pylon  
  165  16:09  Colossus  
  165  16:10  Pylon  
  165  16:13  Void Ray  
  165  16:19  Pylon  
  165  16:22  Probe x4, Void Ray  
  165  16:23  Photon Cannon  
  165  16:24  High Templar  
  165  16:25  Photon Cannon, Pylon x2  
  171  16:26  Pylon  
  171  16:28  Photon Cannon, Pylon  
  171  16:34  Probe x4  
  175  16:44  Photon Cannon  
  175  16:46  Probe x3  
  178  16:51  Photon Cannon  
  178  16:52  Photon Cannon  
  178  16:57  Photon Cannon  
  178  16:58  Photon Cannon  
  178  17:06  Zealot x2  
  178  17:07  Zealot x5  
  156  17:22  Zealot x3  
  138  17:32  Probe  
  138  17:33  Probe x3  
  142  17:44  Probe  
  142  17:45  Probe  
  144  17:55  High Templar x5  
  154  18:01  Archon x2  
  146  18:13  Zealot  
  146  18:14  Zealot x2  
Tags
 
Add a new tag
Caveats
  • Supply blocks, unpowered buildings, or Contaminate may cause inaccurate times.
  • Supply counts are checked every 10 seconds.